 Dungeon Crawl Stone Soup version 0.21.1-1-g345015f (webtiles) character file.

25997 tev the Cleaver (level 12, -4/95 HPs)
             Began as a Demonspawn Berserker on July 29, 2018.
             Was a High Priest of Trog.
             Killed from afar by a manticore (16 damage)
             ... with a volley of spikes
             ... on level 14 of the Dungeon on July 30, 2018.
             The game lasted 01:33:40 (12518 turns).

tev the Cleaver (Demonspawn Berserker)             Turns: 12518, Time: 01:33:41

Health: -4/95      AC: 16    Str: 24    XL:     12   Next: 94%
Magic:  0/4        EV: 15    Int:  8    God:    Trog [*****.]
Gold:   1036       SH:  6    Dex: 12    Spells: 11/11 levels left

rFire    . . .     SeeInvis .   N - +3 battleaxe (antimagic)
rCold    + + .     Gourm    .   (shield currently unavailable)
rNeg     + . .     Faith    .   L - +4 ring mail {rC+}
rPois    .         Spirit   +   P - +2 hat
rElec    .         Reflect  .   y - +0 cloak
rCorr    +         Harm     .   (no gloves)
MR       ++...                  f - +1 pair of boots
Stlth    +.........             j - amulet of regeneration
HPRegen  1.65/turn              m - ring of positive energy
MPRegen  0.09/turn              C - ring of resist corrosion

@: barbed spikes, berserk cooldown, regenerating, slowed, very slow
A: antennae 2, large bone plates 2, cold resistance 1, magic shield
a: Berserk, Trog's Hand, Brothers in Arms, Burn Spellbooks, Renounce Religion


You were on level 14 of the Dungeon.
You worshipped Trog.
Trog was extremely pleased with you.
You were hungry.

You visited 1 branch of the dungeon, and saw 14 of its levels.
You also visited: Sewer.

You collected 1036 gold pieces.

Inventory:

Hand Weapons
 N - a +3 antimagic battleaxe (weapon)
Armour
 f - a +1 pair of boots (worn)
 i - a +0 shield
 y - a +0 cloak (worn)
 L - a +4 ring mail of cold resistance (worn)
 M - a +0 plate armour
 P - a +2 hat (worn)
Jewellery
 e - an uncursed amulet of the gourmand
 j - an amulet of regeneration (around neck)
 m - a ring of positive energy (left hand)
 o - an uncursed ring of positive energy
 C - a ring of resist corrosion (right hand)
 D - an uncursed ring of protection from fire {unknown}
 E - an uncursed ring of fire
 F - a +5 ring of strength
Wands
 b - a wand of enslavement (2)
 g - a wand of polymorph (35)
 q - a wand of digging (38)
Scrolls
 a - 2 scrolls of fear
 d - 2 scrolls of magic mapping
 h - 3 scrolls of identify
 l - 4 scrolls of remove curse
 u - 4 scrolls of teleportation
 w - 2 scrolls of blinking
 H - a scroll of enchant weapon
Potions
 k - 2 potions of might {unknown}
 n - a potion of invisibility {unknown}
 p - 3 potions of agility {unknown}
 r - a potion of ambrosia {unknown}
 s - 4 potions of curing
 t - a potion of magic
 v - a potion of haste
 x - 3 potions of flight
 z - 2 potions of degeneration {unknown}
 A - 2 potions of brilliance {unknown}
 B - 2 potions of lignification {unknown}
 I - a potion of mutation {unknown}
Comestibles
 c - 18 rations


   Skills:
 + Level 9.3 Fighting
 * Level 14.2 Axes
 + Level 6.3 Armour
 + Level 7.3 Dodging
 - Level 7.0 Shields


You had 11 spell levels left.
You didn't know any spells.

Dungeon Overview and Level Annotations

Branches:
Dungeon (14/15)            Temple (0/1) D:6            Lair (0/6) D:8
    Orc (0/2) D:12
 Vaults: D:13-14

Altars:
Cheibriados
Elyvilon
Kikubaaqudgha
Makhleb
Nemelex Xobeh
Okawaru
Ru
Sif Muna
Uskayaw
Vehumet
Wu Jian
Xom
Yredelemnul
The Shining One
Beogh


Innate Abilities, Weirdness & Mutations

You have a pair of antennae on your head.
You are mostly covered in large bone plates. (SH +6)
Your flesh is cold resistant. (rC+)
When hurt, damage is shared between your health and your magic reserves.


Message History

The centaur warrior wields a shortbow.
The centaur warrior shoots an arrow.
The arrow hits you!
* * * LOW HITPOINT WARNING * * *
The centaur shoots an arrow.
The arrow misses you.
The centaur warrior shoots an arrow.
The arrow misses you.
The manticore flicks its tail.
The volley of spikes hits you!
A centaur comes into view.
There is a stone staircase leading up here.
You see here 4 arrows.
You block the wraith's attack. You block the troll's attack.
The troll claws you but does no damage. x2; The wraith closely misses you.
The troll bites you but does no damage. The troll claws you.
* * * LOW HITPOINT WARNING * * *
The troll claws you.
* * * LOW HITPOINT WARNING * * *
The manticore flicks its tail.
The volley of spikes hits you!
The barbed spikes become lodged in your body.
You die...

#.(.p#
#.(#########.
#............
#............
#....c.......
#####..c.........
.........(cW......
........cpWT......
..........@(.H....
##################


You could see 2 centaur warriors, a manticore, a freezing wraith, a necromancer,
a troll, a wraith and 2 centaurs.

Vanquished Creatures
  Harold (D:12)
  A catoblepas (D:13)
  2 centaur warriors
  7 two-headed ogres
  An unseen horror (D:12)
  The ghost of Lilu the Thaumaturge, a novice DECj (D:7)
  2 ugly things
  A cyclops (D:13)
  2 centaur zombies
  Psyche (D:9)
  2 centaur skeletons
  2 trolls
  2 hornets
  A harpy skeleton (D:13)
  10 slime creatures
  A meliai zombie (D:13)
  2 shadows
  10 yaks
  A vampire (D:10)
  3 hogs (D:8)
  3 wyverns
  A human (D:8)
  3 hungry ghosts
  5 vampire mosquitoes
  A water moccasin (D:11)
  6 orc warriors
  3 sky beasts
  2 ice beasts
  2 black bears
  2 hell hounds (D:8)
  Purgy (Sewer)
  8 ogres
  2 phantoms
  6 centaurs
  A crocodile (D:7)
  3 wyvern zombies
  4 bullfrogs
  A scorpion (D:5)
  6 killer bees (D:9)
  6 howler monkeys
  9 wights
  5 crimson imps
  A lava snake (D:10)
  3 bullfrog zombies
  A quasit (D:9)
  4 jellies
  11 orc priests
  4 bullfrog skeletons
  6 hounds
  12 orc wizards
  5 iguanas
  Natasha (D:1)
  11 worker ants
  A killer bee zombie (D:5)
  3 hound zombies
  18 adders
  6 shadow imps
  2 oozes (D:1)
  2 adder zombies
  3 adder skeletons
  5 worms
  A dart slug (D:3)
  8 leopard geckos
  39 orcs
  A ball python (D:3)
  6 giant cockroaches
  8 goblins
  8 hobgoblins
  21 jackals
  10 kobolds
  5 quokkas
  10 bats
  5 frilled lizards
  A giant cockroach zombie (D:5)
  A leopard gecko skeleton (D:7)
  2 quokka skeletons
  A quokka zombie (D:7)
  4 rats
  A plant (D:5)
364 creatures vanquished.

Vanquished Creatures (collateral kills)
  2 orc high priests (D:10)
  The ghost of Bluemoon111 the Geomancer, a novice GrEE of Vehumet (D:8)
  Maurice (D:7)
  3 orc warriors (D:10)
  A bullfrog (D:8)
  A quasit (D:8)
  An orc priest (D:10)
  2 orc wizards
  2 orcs (D:10)
14 creatures vanquished.

Grand Total: 378 creatures vanquished

Notes
Turn   | Place    | Note
-------+----------+-------------------------------------------
     0 | D:1      | tev the Demonspawn Berserker began the quest for the Orb.
     0 | D:1      | Reached XP level 1. HP: 18/18 MP: 1/1
   133 | D:1      | Reached skill level 3 in Axes
   133 | D:1      | Gained mutation: You have a pair of small antennae on your head. [demonic ancestry]
   133 | D:1      | Reached XP level 2. HP: 22/24 MP: 2/2
   860 | D:1      | Gained mutation: When hurt, damage is shared between your health and your magic reserves. [demonic ancestry]
   860 | D:1      | Reached XP level 3. HP: 27/29 MP: 3/3
   978 | D:2      | Noticed Natasha
  1118 | D:2      | Reached ** piety under Trog
  1124 | D:1      | Killed Natasha
  1124 | D:1      | Reached XP level 4. HP: 32/36 MP: 2/4
  1707 | D:2      | Reached skill level 4 in Axes
  2634 | D:3      | Reached XP level 5. HP: 39/42 MP: 5/5
  2801 | D:3      | Reached skill level 1 in Shields
  3089 | D:3      | Found a deep blue altar of Sif Muna.
  3089 | D:3      | Found an iron altar of Okawaru.
  3090 | D:3      | Found an ornate altar of the Wu Jian Council.
  3244 | D:3      | Reached *** piety under Trog
  3518 | D:4      | Noticed an ogre
  3523 | D:4      | Killed an ogre
  3523 | D:4      | Reached skill level 5 in Axes
  3523 | D:4      | Reached XP level 6. HP: 48/48 MP: 4/6
  3882 | D:4      | Gained mutation: You are partially covered in large bone plates. (SH +4) [demonic ancestry]
  3882 | D:4      | Reached XP level 7. HP: 29/54 MP: 2/7
  4120 | D:4      | Reached skill level 6 in Axes
  4179 | D:4      | Found a sacrificial altar of Ru.
  4426 | D:5      | Entered Level 5 of the Dungeon
  4438 | D:5      | Found a white marble altar of Elyvilon.
  4497 | D:5      | Reached **** piety under Trog
  4637 | D:5      | Got an ichor-stained leather armour
  4648 | D:5      | Identified the +0 leather armour of Abstinence {Int+5 Dex+4} (You found it on level 5 of the Dungeon)
  4674 | D:5      | Found a glowing drain.
  4687 | Sewer    | Entered a sewer
  4790 | Sewer    | Noticed Purgy
  4798 | Sewer    | Killed Purgy
  4798 | Sewer    | Gained mutation: Your flesh is cold resistant. (rC+) [demonic ancestry]
  4798 | Sewer    | Reached XP level 8. HP: 47/61 MP: 4/8
  5037 | D:5      | Reached skill level 7 in Axes
  5469 | D:6      | Reached skill level 8 in Axes
  5513 | D:6      | Reached skill level 5 in Fighting
  5532 | D:6      | Gained mutation: You have a pair of antennae on your head. [demonic ancestry]
  5532 | D:6      | Reached XP level 9. HP: 46/68 MP: 3/9
  5669 | D:6      | Found a staircase to the Ecumenical Temple.
  5706 | D:6      | Found a radiant altar of Vehumet.
  5728 | D:6      | Found a glowing golden altar of the Shining One.
  5747 | D:6      | Found a basalt altar of Yredelemnul.
  5766 | D:6      | Found an ancient bone altar of Kikubaaqudgha.
  6028 | D:7      | Noticed Lilu's ghost (novice DECj)
  6153 | D:7      | Killed Lilu's ghost
  6153 | D:7      | Reached skill level 9 in Axes
  6783 | D:8      | Noticed Maurice
  6817 | D:7      | Killed Maurice
  6967 | D:8      | Found a hide-covered altar of Uskayaw.
  6979 | D:8      | Found a sparkling altar of Nemelex Xobeh.
  7004 | D:8      | Noticed a two-headed ogre
  7026 | D:8      | Killed a two-headed ogre
  7026 | D:8      | Reached skill level 10 in Axes
  7026 | D:8      | Reached skill level 5 in Shields
  7026 | D:8      | Gained mutation: You are mostly covered in large bone plates. (SH +6) [demonic ancestry]
  7026 | D:8      | Reached XP level 10. HP: 76/76 MP: 10/10
  7195 | D:8      | Noticed a two-headed ogre
  7205 | D:8      | Killed a two-headed ogre
  7342 | D:8      | Found a burning altar of Makhleb.
  7342 | D:8      | Found a shimmering altar of Xom.
  7371 | D:8      | Found a staircase to the Lair.
  7443 | D:8      | Reached skill level 5 in Dodging
  7485 | D:8      | Noticed Bluemoon111's ghost (novice GrEE)
  7722 | D:8      | Killed Bluemoon111's ghost
  7722 | D:8      | Reached skill level 11 in Axes
  8003 | D:9      | Reached XP level 11. HP: 29/83 MP: 3/11
  8375 | D:9      | Noticed Psyche
  8396 | D:9      | Reached ***** piety under Trog
  8437 | D:9      | Found a snail-covered altar of Cheibriados.
  8465 | D:9      | Killed Psyche
  8529 | D:9      | Noticed a two-headed ogre
  8536 | D:9      | Killed a two-headed ogre
  8536 | D:9      | Reached skill level 12 in Axes
  8871 | D:10     | Entered Level 10 of the Dungeon
  9165 | D:10     | Found a transporter.
  9169 | D:10     | Noticed an orc high priest
  9169 | D:10     | Found a roughly hewn altar of Beogh.
  9177 | D:10     | Noticed an orc high priest
  9177 | D:10     | Killed an orc high priest
  9189 | D:10     | Killed an orc high priest
  9204 | D:10     | Identified the Handbook of Ignition
  9244 | D:10     | Found a transporter.
  9861 | D:11     | Noticed a white ugly thing
  9872 | D:11     | Killed a white ugly thing
 10166 | D:11     | Reached skill level 5 in Armour
 10289 | D:11     | Reached skill level 13 in Axes
 10393 | D:11     | Received a gift from Trog
 10596 | D:11     | Noticed a two-headed ogre
 10606 | D:11     | Killed a two-headed ogre
 10606 | D:11     | Reached XP level 12. HP: 75/91 MP: 2/12
 10907 | D:12     | Paralysed by a hornet for 3 turns
 11005 | D:12     | Noticed a two-headed ogre
 11015 | D:12     | Killed a two-headed ogre
 11072 | D:12     | Noticed Harold
 11119 | D:12     | Killed Harold
 11191 | D:12     | Found a staircase to the Orcish Mines.
 11348 | D:13     | Noticed a centaur warrior
 11360 | D:13     | Killed a centaur warrior
 11360 | D:13     | Reached skill level 14 in Axes
 11702 | D:13     | HP: 4/92 [slime creature (16)]
 11843 | D:13     | Noticed a catoblepas
 11857 | D:13     | Received a gift from Trog
 11865 | D:13     | Killed a catoblepas
 12031 | D:13     | Noticed a two-headed ogre
 12041 | D:13     | Killed a two-headed ogre
 12141 | D:13     | Noticed a two-headed ogre
 12152 | D:13     | Killed a two-headed ogre
 12492 | D:14     | Noticed a centaur warrior
 12506 | D:14     | Noticed a centaur warrior
 12507 | D:14     | Killed a centaur warrior
 12508 | D:14     | Noticed a centaur warrior
 12518 | D:14     | Killed from afar by a manticore

Skill      XL: |  1  2  3  4  5  6  7  8  9 10 11 12 |
---------------+-------------------------------------+-----
Axes           | 3 4 5 6 8 10 11 13 14 | 14.2
Dodging        | 2 3 4 5 6 7 |  7.3
Armour         | 2 3 4 5 6 |  6.3
Shields        | 1 2 4 5 6 7 |  7.0
Fighting       | 4 5 6 7 9 |  9.3

Action                   |  1- 3 |  4- 6 |  7- 9 | 10-12 || total
-------------------------+-------+-------+-------+-------++-------
Melee: Hand axe          |    99 |   211 |   354 |   474 ||  1138
       Battleaxe         |       |       |       |   222 ||   222
Invok: Berserk           |     3 |     3 |     7 |    15 ||    28
       Trog's Hand       |     1 |       |     2 |     3 ||     6
       Burn Spellbooks   |       |     1 |     1 |     5 ||     7
       Brothers in Arms  |       |       |     1 |     4 ||     5
  Use: Potion            |     3 |     1 |       |     2 ||     6
       Scroll            |       |     4 |     5 |    10 ||    19
 Stab: Sleeping          |       |       |     3 |       ||     3
       Distracted        |       |       |       |     1 ||     1
       Petrified         |       |       |       |    17 ||    17
  Eat: Ration            |     1 |     2 |     3 |     9 ||    15
       Chunk             |       |     5 |     8 |    10 ||    23
Armor: Leather armour    |    32 |    47 |    29 |    26 ||   134
       Scale mail        |       |     6 |    18 |       ||    24
       Chain mail        |       |     1 |       |       ||     1
       Ring mail         |       |       |       |   150 ||   150
Dodge: Dodged            |    86 |    76 |    81 |   235 ||   478
Block: Shield            |       |    86 |   181 |   289 ||   556
       Other             |       |       |       |    61 ||    61
